 Dungeon Crawl Stone Soup version 0.29.0-4-gdea44cf6ec (webtiles) character file.

Game seed: 17881715066560773496

11 qw the Sneak (level 2, 0/19 HPs)
             Began as a Gargoyle Delver on Sept 10, 2022.
             Slain by an orc wizard
             ... wielding a +1 dagger of freezing
              (1 damage)
             ... on level 4 of the Dungeon.
             The game lasted 00:00:07 (320 turns).

qw the Sneak (Gargoyle Delver)                       Turns: 320, Time: 00:00:07

Health: 0/19       AC:  5    Str: 15    XL:     2   Next: 25%
Magic:  2/2        EV: 11    Int: 10    God:
Gold:   0          SH:  0    Dex: 11    Spells: 1/1 levels left

rFire   . . .      SeeInvis .   a - +0 hand axe
rCold   . . .      Faith    .   (no shield)
rNeg    + . .      Spirit   .   b - +0 leather armour
rPois   inf        Reflect  .   (no helmet)
rElec   +          Harm     .   (no cloak)
rCorr   .          Rampage  .   (no gloves)
Will    .....                   (no boots)
Stlth   +++.......              (no amulet)
HPRegen 0.06/turn               (no ring)
MPRegen 0.08/turn               (no ring)

@: no status effects
A: sickness immunity, AC +2, negative energy resistance 1, electricity
resistance, torment resistance 1, petrification resistance
a: no special abilities


You were on level 4 of the Dungeon.
You visited 1 branch of the dungeon, and saw 2 of its levels.


Innate Abilities, Weirdness & Mutations

You are immune to sickness and miasma.
Your stone body is resilient. (AC +2)
You are immune to poison.
You resist negative energy. (rN+)
You are resistant to electric shocks. (rElec)
You are resistant to unholy torment.
You are immune to petrification.


   Skills:
 - Level 3.2 Fighting
 + Level 2.6 Axes
 - Level 1.5 Dodging
 - Level 5.4 Stealth


You had one spell level left.
You didn't know any spells.
Your spell library was empty.

Inventory:

Hand Weapons
 a - a +0 hand axe (weapon)
Missiles
 e - 2 boomerangs (quivered)
Armour
 b - a +0 leather armour (worn)
 c - a +0 pair of gloves
Jewellery
 d - a ring of see invisible
Wands
 g - a wand of digging (3)
Potions
 f - a potion of haste

Dungeon Overview and Level Annotations

Branches:
Dungeon (5/15)
 Temple: D:4-7

Altars:


Message History

You closely miss the orc wizard. The adder closely misses you.
The orc wizard hits you with a +1 dagger of freezing.
The orc wizard freezes you.
You barely miss the orc wizard. You hit the adder.
The adder closely misses you.
The orc wizard hits you with a +1 dagger of freezing.
The orc wizard freezes you.
You barely miss the adder.
The adder is moderately wounded.
You hit the orc wizard. The adder bites you. The orc wizard closely misses you.
The adder bites you.
You hit the adder but do no damage.
The adder is moderately wounded.
You hit the orc wizard but do no damage.
The adder bites you but does no damage. The orc wizard barely misses you.
The adder barely misses you.
You closely miss the orc wizard.
The orc wizard is lightly wounded.
You barely miss the adder.
The orc wizard gestures wildly while chanting.
The orc wizard flickers and vanishes!
Deactivating autopickup; reactivate with Ctrl-A.
The adder bites you but does no damage.
You hit the adder.
The adder is heavily wounded.
You miss something.
You hear some strange, mumbled words.
A magic dart appears from out of thin air!
The magic dart hits you. The adder bites you but does no damage.
Something hits you but does no damage. The adder misses you.
You hit the adder.
The adder is almost dead.
You miss something. The adder closely misses you. Something hits you.
Something freezes you.
You hit the adder.
You kill the adder!
You barely miss something. Something hits you. Something freezes you.
You die...

#.##........
#.##.#######
#)##.#
#.##.#
#.##.# ###
#.# .#
...##.##
#####.#.#{#
...?...#@#.#
#.##.#)#.#
#...#.#.#.#
#..# #.#.#.#
##. #.#.#.#
# #.#.#.#
#.#.#! #.#^
#.


There were no monsters in sight!

Vanquished Creatures
  An adder (D:4)
  4 orcs (D:4)
  An endoplasm (D:4)
  A giant cockroach (D:4)
7 creatures vanquished.

Notes
Turn   | Place    | Note
-------+----------+-------------------------------------------
     0 | D:5      | qw the Gargoyle Delver began the quest for the Orb.
     0 | D:5      | Reached XP level 1. HP: 14/14 MP: 1/1
     0 | D:5      | 0 ||| qw: Version: 0.1-a-116-g5d60599
     0 | D:5      | 0 ||| qw: Game counter: 8568
     0 | D:5      | 0 ||| qw: Always use a shield: true
     0 | D:5      | 0 ||| qw: God list: Okawaru
     0 | D:5      | 0 ||| qw: Allow faded altars: false
     0 | D:5      | 0 ||| qw: Do Orc after D:15 true
     0 | D:5      | 0 ||| qw: Do second Lair branch before Depths: true
     0 | D:5      | 0 ||| qw: Lair rune preference: random
     0 | D:5      | 0 ||| qw: Plans: Normal
     0 | D:5      | 0 ||| PLANNING D:1-11
     0 | D:5      | 0 ||| DROPPING scroll of fog.
     1 | D:5      | 1 ||| DROPPING scroll of magic mapping.
     2 | D:5      | 2 ||| DROPPING scroll of fear.
   254 | D:4      | Reached XP level 2. HP: 17/19 MP: 2/2
   305 | D:4      | 305 ||| Stepping ~*~*~tactically~*~*~ (stealth).
   319 | D:4      | HP: 4/19 [something (2)]
   320 | D:4      | HP: 1/19 [something (3)]
   320 | D:4      | Slain by an orc wizard

Levels and vault maps discovered:
D:4:      layout_loops_ring, minivault_23, nicolae_alphabet_shops
D:5:      layout_rooms, nicolae_stop_n_shop_2, minmay_misc_feat_ornament,
          minmay_misc_feat_encased

Skill      XL: |  1 |
---------------+----+-----
Axes           | 2 |  2.6
Fighting       | |  3.2
Dodging        | |  1.5
Stealth        | |  5.4

Action                   || total
-------------------------++-------
Melee: Hand axe          ||    21
Throw: Boomerang         ||     2
 Stab: Sleeping          ||     2
Armor: Leather armour    ||     6
Dodge: Dodged            ||    12

Table legend:
 A = Non-vault XP
 B = Vault XP
 C = Vault XP percentage of total XP
 D = Non-vault monster count
 E = Vault monster count
 F = Vault count percentage of total count
                 A         B        C        D         E       F
            +---------+---------+-------+---------+---------+-------
      Total |      29 |       0 |   0.0 |       7 |       0 |   0.0
            +---------+---------+-------+---------+---------+-------
        D:4 |      29 |       0 |   0.0 |       7 |       0 |   0.0
            +---------+---------+-------+---------+---------+-------
